 Dungeon Crawl Stone Soup version 0.20-a0-927-g1ae2c61 (webtiles) character file.

56 4thArraOfDagon the Bolt Thrower (level 3, 0/31 HPs)
             Began as a Naga Arcane Marksman on Mar 29, 2017.
             Slain by a goblin (1 damage)
             ... on level 2 of the Dungeon.
             The game lasted 00:04:45 (558 turns).

4thArraOfDagon the Bolt Thrower (NaAM)               Turns: 558, Time: 00:04:46

Health: 0/31       AC:  2    Str:  9 (12) XL:     3   Next: 95%
Magic:  4/4        EV:  9    Int: 13 (14) God:
Gold:   0          SH:  0    Dex:  8 (11) Spells: 1/4 levels left

rFire    . . .     SeeInvis +   a - +0 hand crossbow
rCold    . . .     Gourm    +   (no shield)
rNeg     . . .     Faith    .   e - +0 robe
rPois    +         Spirit   .   (no helmet)
rElec    .         Reflect  .   (no cloak)
rCorr    .         Harm     .   (no gloves)
MR       .....                  (no barding)
Stlth    +.........             i - amulet of the gourmand
Regen    0.1/turn               (no ring)
MPRegen  0.1/turn               (no ring)

@: very slightly contaminated, hasted, quick
A: see invisible, deformed body, poison resistance, slowness 2, slow metabolism
1, spit poison 1, AC +1
a: Spit Poison


You were on level 2 of the Dungeon.
You were not hungry.

You visited 1 branch of the dungeon, and saw 3 of its levels.

Inventory:

Hand Weapons
 a - a +0 hand crossbow (weapon)
 k - a +0 long sword
Missiles
 d - 4 bolts (quivered)
Armour
 e - a +0 robe (worn)
Jewellery
 i - an amulet of the gourmand (around neck)
Scrolls
 g - a scroll of enchant weapon {unknown}
 h - a scroll of recharging {unknown}
 m - a scroll of remove curse {unknown}
Potions
 b - a potion of degeneration
Books
 c - a book of Debilitation

   Spells                             Type                      Level
   a - Corona                         Hexes                        1
   b - Slow                           Hexes                        2
   c - Inner Flame                    Hexes/Fire                   3
   d - Portal Projectile              Hexes/Translocation          3
   e - Cause Fear                     Hexes                        4
   f - Leda's Liquefaction            Hexes/Earth                  4
Comestibles
 f - 2 bread rations
 j - a meat ration
 l - a royal jelly


   Skills:
 - Level 1.0 Fighting
 * Level 1.8 Long Blades
 - Level 3.1 Crossbows
 - Level 1.5 Dodging
 - Level 1.0 Spellcasting
 - Level 3.0 Hexes


You had one spell level left.
You knew the following spells:

 Your Spells              Type           Power        Failure   Level  Hunger
a - Corona                Hex            #......      10%         1    ##.....
b - Slow                  Hex            #.......     14%         2    ###....


Dungeon Overview and Level Annotations

Branches:
Dungeon (3/15)

Altars:

Annotations:
D:2 Jessica


Innate Abilities, Weirdness & Mutations

You cannot wear boots.
Your serpentine skin is tough. (AC +1)
You have supernaturally acute eyesight. (SInv)
Armour fits poorly on your strangely shaped body.
Your system is resistant to poisons. (rPois)
You cover ground very slowly.
You have a slow metabolism.
You can spit poison.


Message History

Unknown command.
Unknown command.
Unknown command.
Firing (i - inventory):
d - 6 bolts (quivered)
Press: ? - help, Shift-Dir - straight line, f/p - quokka
Aim: a quokka (heavily wounded)
You shoot a bolt. The bolt closely misses the quokka.
The bolt hits Jessica!
Jessica is almost dead.
You have got your breath back.
The goblin closely misses you. The quokka bites you.
* * * LOW HITPOINT WARNING * * *
Unknown command.
Unknown command.
Firing (i - inventory):
d - 5 bolts (quivered)
Press: ? - help, Shift-Dir - straight line, f/p - quokka
Aim: a quokka (heavily wounded)
You shoot a bolt. The bolt hits the quokka!
You kill the quokka!
The goblin hits you.
You die...

# .#### ######
...# .....#
###.#######
.....###.........#
.....+...>.....g.#
.....###.(.(@..(@#
.....####.(#######
....(........#
.............#
......ยง......#
####....)....#
+.........+
#(........#
#............


You could see Jessica and a goblin.

Vanquished Creatures
  4 adders
  An ooze (D:2)
  2 goblins
  2 hobgoblins (D:2)
  2 jackals (D:2)
  A quokka (D:2)
  3 bats
  2 rats
17 creatures vanquished.

Notes
Turn   | Place    | Note
-------+----------+-------------------------------------------
     0 | D:1      | 4thArraOfDagon the Naga Arcane Marksman began the quest for the Orb.
     0 | D:1      | Reached XP level 1. HP: 18/18 MP: 2/2
     1 | D:1      | Noticed a vine stalker
     2 | D:1      | Noticed a centaur
     4 | D:1      | Noticed a troll
     6 | D:1      | Noticed a demigod
     6 | D:1      | Noticed a formicid
     8 | D:1      | Noticed a draconian
    10 | D:1      | Noticed a ghoul
    10 | D:1      | Noticed a gargoyle
    12 | D:1      | Noticed an elf
    12 | D:1      | Noticed a dwarf
    14 | D:1      | Noticed a naga
    14 | D:1      | Noticed a vampire
    16 | D:1      | Noticed a felid
    18 | D:1      | Noticed a human
    18 | D:1      | Noticed an ogre
    20 | D:1      | Noticed a merfolk
    20 | D:1      | Noticed a tengu
    22 | D:1      | Noticed a halfling
    22 | D:1      | Noticed a demonspawn
    24 | D:1      | Noticed a minotaur
    26 | D:1      | Noticed an octopode
    26 | D:1      | Noticed a spriggan
   103 | D:2      | Reached XP level 2. HP: 20/25 MP: 3/3
   271 | D:3      | Reached XP level 3. HP: 21/31 MP: 4/4
   284 | D:3      | Learned a level 2 spell: Slow
   331 | D:3      | Reached skill level 1 in Long Blades
   527 | D:2      | Noticed Jessica
   557 | D:2      | HP: 1/31 [quokka (2)]
   558 | D:2      | Slain by a goblin

Vault maps used:
D:1:      kb_arrival_jail
D:2:      first_bread, minivault_19, serial_bayou_ford_a, uniq_jessica

Skill      XL: |  1  2  3 |
---------------+----------+-----
Crossbows      | 2 3 |  3.1
Long Blades    | 1 |  1.8
Fighting       | |  1.0
Dodging        | |  1.5
Spellcasting   | |  1.0
Hexes          | |  3.0

Action                   || total
-------------------------++-------
Melee: Long sword        ||     6
 Fire: Hand crossbow     ||    40
 Abil: Spit Poison       ||    18
  Use: Potion            ||     2
Armor: Robe              ||    15
Dodge: Dodged            ||    36
       Rpst.: Long sword ||     2
